 Dungeon Crawl Stone Soup version 0.30-a0-339-g89bb51ec76 (webtiles) character file.

Game seed: 5408961174005297060

7 experimilk the Conjurer (level 1, -1/14 HPs)
             Began as a Draconian Conjurer on Oct 31, 2022.
             Slain by a gnoll
             ... wielding a +1 spear of venom
              (3 damage)
             ... on level 1 of the Dungeon.
             The game lasted 00:00:47 (187 turns).

experimilk the Conjurer (Draconian Conjurer)         Turns: 187, Time: 00:00:48

Health: -1/14      AC:  5    Str:  9    XL:     1   Next: 91%
Magic:  3/3        EV: 12    Int: 18    God:
Gold:   10         SH:  0    Dex:  9    Spells: 3/4 levels left

rFire   . . .      SeeInvis .    d - +0 dagger
rCold   . . .      Faith    .    (no shield)
rNeg    . . .      Spirit   .    (body armour unavailable)
rPois   .          Reflect  .    (helmet restricted)
rElec   .          Harm     .    (no cloak)
rCorr   .          Rampage  .    (no gloves)
Will    .....                    c - +0 pair of boots
Stlth   ++........               (no amulet)
HPRegen 0.22/turn                (no ring)
MPRegen 0.08/turn                (no ring)

@: lethally poisoned (-1 -> -10)
A: AC +4, unfitting armour, cold-blooded
a: no special abilities


You were on level 1 of the Dungeon.
You visited 1 branch of the dungeon, and saw 1 of its levels.

You collected 10 gold pieces.

Inventory:

Hand Weapons
 d - a +0 dagger (weapon)
Armour
 c - a +0 pair of boots (worn)
Scrolls
 e - a scroll of magic mapping {unknown}
Potions
 b - a potion of berserk rage {unknown}


   Skills:
 - Level 1.7 Dodging
 - Level 1.7 Stealth
 - Level 2.0 Spellcasting
 + Level 4.4 Conjurations


You had 3 spell levels left.
You knew the following spells:

 Your Spells              Type           Power      Damage    Failure   Level
a - Magic Dart            Conj           68%        1d6       3%          1

Your spell library contained the following spells:

 Spells                   Type           Power      Damage    Failure   Level
 Searing Ray              Conj           34%        2d5       4%          2
 Dazzling Flash           Conj/Hex       18%        N/A       22%         3
 Fulminant Prism          Conj/Hex       4%         3d5       58%         4
 Iskenderun's Mystic Bla  Conj/Tloc      9%         2d4       58%         4


Dungeon Overview and Level Annotations

Branches:
Dungeon (1/15)

Altars:


Innate Abilities, Weirdness & Mutations

Your plain brown scales are hard. (AC +4)
You cannot fit into any form of body armour.
You are cold-blooded and may be slowed by cold attacks.


Message History

The bat misses you.
You miss the bat.
The bat is severely wounded.
The bat hits you but does no damage. x2
You hit the bat but do no damage.
The bat is severely wounded.
The bat closely misses you. The bat barely misses you.
You hit the bat.
You kill the bat!
e - a scroll labelled BUTAOKEPPU A goblin comes into view.
It is wielding a +0 club.
The magic dart hits the goblin.
The goblin is severely wounded.
The goblin shouts!
You hear a shout! x2
The magic dart hits the goblin.
You kill the goblin!
You start resting.
A ball python comes into view.
The magic dart hits the ball python.
You kill the ball python!
A gnoll comes into view. It is wielding a +1 spear of venom.
A hobgoblin comes into view.
You see here a +2 whip of holy wrath.
The gnoll closely misses you.
The magic dart hits the gnoll.
The gnoll is heavily wounded.
The gnoll hits you from afar with a +1 spear of venom.
You are lethally poisoned!
The magic dart hits the gnoll.
The gnoll is heavily wounded.
You feel very sick. The gnoll misses you.
You are too injured to fight recklessly!
Unknown command.
Magic courses through your body.
* * * LOW HITPOINT WARNING * * *
You feel very sick.
The gnoll hits you from afar with a +1 spear of venom.
You die...

####### #.....# #### #.....#
........# #.....# #######
........###.@...# #......
........##....g.# #......
........##.....g#######......
........##.#####.............
....>......).....######......
........#.###########...†....
......................#######
........######.........##
........#####...........#


You could see a gnoll and a hobgoblin.

Vanquished Creatures
  A ball python (D:1)
  A bat (D:1)
  An endoplasm (D:1)
  2 goblins (D:1)
  A hobgoblin (D:1)
6 creatures vanquished.

Notes
Turn   | Place    | Note
-------+----------+-------------------------------------------
     0 | D:1      | experimilk the Draconian Conjurer began the quest for the
                  | Orb.
     0 | D:1      | Reached XP level 1. HP: 14/14 MP: 3/3
   187 | D:1      | Slain by a gnoll

Illustrated notes

Levels and vault maps discovered:
D:1:      ebering_hopf_link, layout_rooms, minmay_tripent

Action                   || total
-------------------------++-------
Melee: Dagger            ||     8
       Unarmed           ||     1
 Cast: Magic Dart        ||    12
  Use: Potion            ||     1
Armor: Skin              ||     3
Dodge: Dodged            ||    18

Table legend: (Time is in decaauts)
 A = Elapsed time spent in this place.
 B = Non-inter-level travel time spent in this place.
 C = Inter-level travel time spent in this place.
 D = Time resting spent in this place.
 E = Time spent auto-exploring this place.
 F = Levels seen in this place.
 G = Mean time per level.
                   A        B        C        D        E       F      G
               +--------+--------+--------+--------+--------+-----+--------+
         Total |    186 |    186 |      0 |      0 |    110 |   1 |  186.0 |
       Dungeon |    186 |    186 |      0 |      0 |    110 |   1 |  186.0 |
               +--------+--------+--------+--------+--------+-----+--------+

Top non-repeatable levels by time:
     D:1: 186 daAuts
